 Dungeon Crawl Stone Soup version 0.27-a0-380-g150de4c316 (webtiles) character file.

Game seed: 7787628465897459769

26361 jestyr24 the Thaumaturge (level 12, -4/106 HPs)
             Began as a Grey Draconian Conjurer on Feb 18, 2021.
             Was a High Priest of Vehumet.
             Slain by a boulder beetle (21 damage)
             ... on level 10 of the Dungeon.
             The game lasted 02:00:00 (15107 turns).

jestyr24 the Thaumaturge (Grey Draconian Conjurer) Turns: 15107, Time: 02:00:01

Health: -4/106     AC: 18    Str: 19      XL:     12   Next: 97%
Magic:  13/26      EV: 11    Int: 26      God:    Vehumet [*****.]
Gold:   860        SH: 14    Dex:  8 (9)  Spells: 18/32 levels left

rFire    . . .     SeeInvis .   a - +1 long sword of Siopsim {vorpal, Str+3 Int+2 Stlth+}
rCold    . . .     Faith    .   i - +0 kite shield
rNeg     . . .     Spirit   .   (armour unavailable)
rPois    .         Reflect  +   s - +2 hat
rElec    .         Harm     +   L - scarf {harm}
rCorr    .         Rampage  .   (no gloves)
Will     .....                  d - +2 pair of boots
Stlth    ++++......             u - amulet of reflection
HPRegen  0.27/turn              c - +6 ring of strength
MPRegen  0.20/turn              N - ring of wizardry

@: about to teleport
A: walk through water, unfitting armour, unbreathing, cold-blooded, AC +13
a: Renounce Religion


You were on level 10 of the Dungeon.
You worshipped Vehumet.
Vehumet was extremely pleased with you.
You visited 2 branches of the dungeon, and saw 12 of its levels.
You also visited: Bailey.

You collected 860 gold pieces.

Inventory:

Hand Weapons
 a - the +1 long sword of Siopsim (weapon) {vorpal, Str+3 Int+2 Stlth+}
   (You found it on level 9 of the Dungeon)

   It inflicts extra damage upon your enemies.
   It affects your strength (+3).
   It affects your intelligence (+2).
   It makes you more stealthy.
 b - the +8 long sword "Jaipusoz" {venom, Str+4}
   (You found it on level 6 of the Dungeon)

   It poisons the flesh of those it strikes.
   It affects your strength (+4).
Missiles
 g - 8 boomerangs
 m - 340 stones
 o - a curare-tipped dart
 G - 43 poisoned darts
Armour
 d - a +2 pair of boots (worn)
 i - a +0 kite shield (worn)
 s - a +2 hat (worn)
 t - a +1 cloak
 L - a scarf of harm (worn)
 U - a scarf of invisibility
Jewellery
 c - a +6 ring of strength (left hand)
 e - a +4 ring of protection
 p - a ring of see invisible
 u - an amulet of reflection (around neck)
 I - a ring of protection from cold
 J - a ring of fire
 N - a ring of wizardry (right hand)
Wands
 C - a wand of paralysis (15)
 E - a wand of flame (7)
 V - a wand of acid (3)
 W - a wand of random effects (23)
Scrolls
 j - 6 scrolls of identify
 k - a scroll of vulnerability {unknown}
 n - 3 scrolls of teleportation
 v - a scroll of immolation
 w - 3 scrolls of amnesia
 y - 2 scrolls of fear
 H - 2 scrolls of fog
 O - a scroll of blinking
 R - 3 scrolls of enchant weapon
 S - a scroll of enchant armour
 T - 2 scrolls of summoning
Potions
 f - 6 potions of curing
 h - a potion of ambrosia
 l - 4 potions of haste
 q - 2 potions of invisibility {unknown}
 r - 2 potions of lignification {unknown}
 x - 2 potions of flight {unknown}
 z - a potion of mutation {unknown}
 A - a potion of might
 K - 5 potions of heal wounds
 M - a potion of attraction


   Skills:
 * Level 9.8 Fighting
 - Level 1.5(3.2) Short Blades
 + Level 4.4(4.6) Long Blades
 - Level 3.0 Staves
 + Level 6.6 Dodging
 + Level 5.7 Stealth
 + Level 4.5 Shields
 * Level 10.5 Spellcasting
 + Level 8.9 Conjurations
 - Level 1.1 Hexes
 * Level 7.8 Earth Magic
 - Level 2.8 Invocations
 - Level 2.5 Evocations


You had 18 spell levels left.
You knew the following spells:

 Your Spells              Type           Power        Failure   Level
a - Magic Dart            Conj           100%         1%          1
b - Searing Ray           Conj           100%         1%          2
c - Fulminant Prism       Conj/Hex       19%          2%          4
d - Stone Arrow           Conj/Erth      100%         1%          3
e - Petrify               Tmut/Erth      34%          13%         4

Your spell library contained the following spells:

 Spells                   Type           Power        Failure   Level
 Eringya's Noxious Bog    Tmut/Pois      6%           88%         6
 Dazzling Flash           Conj/Hex       78%          1%          3
 Lee's Rapid Deconstruct  Erth           26%          2%          5
 Iskenderun's Mystic Bla  Conj/Tloc      36%          3%          4
 Airstrike                Air            6%           17%         4
 Summon Lightning Spire   Summ/Air       13%          52%         4


Dungeon Overview and Level Annotations

Branches:
Dungeon (11/15)            Temple (1/1) D:5            Lair (0/6) D:11
 Bailey (visited)
    Orc: D:9-12

Altars:
Ashenzari
Cheibriados
Dithmenos
Fedhas
Gozag
Hepliaklqana
Kikubaaqudgha
Makhleb
Nemelex Xobeh
Qazlal
Ru
Sif Muna
Trog
Uskayaw
Vehumet
Wu Jian
Xom
Yredelemnul
The Shining One

Shops:
D:4 ?!   D:5 ?   D:8 !

Annotations:
D:4 3 runed translucent doors, Sertorius's ghost, novice GrEE; gregwegmann's ghost, amateur TrBe
D:6 Harold


Innate Abilities, Weirdness & Mutations

You can walk through water.
Your dull iron-grey scales are very hard. (AC +13)
You cannot fit into any form of body armour.
You can survive without breathing.
You are cold-blooded and may be slowed by cold attacks.


Message History

a +0 shortbow; 13 arrows; a centaur corpse
Items here: )) ††.
Casting: Petrify (dangerous; 13% risk of failure)
Confirm with . or Enter, or press ? or * to list all spells.
Aiming: Fulminant Prism (mildly dangerous; 2% risk of failure)
Press: ? - help, Dir - move target, p - boulder beetle You conjure a prism of explosive energy!
A fulminant prism comes into view.
The boulder beetle is no longer petrified.
Casting: Fulminant Prism (mildly dangerous; 2% risk of failure)
Confirm with . or Enter, or press ? or * to list all spells.
Aiming: Searing Ray (safe; 1% risk of failure)
Press: ? - help, Shift-Dir - straight line The searing ray hits the boulder beetle!
The boulder beetle is lightly wounded. (Press . to maintain the ray.)
Your fulminant prism crackles loudly.
The searing ray hits the boulder beetle but does no damage.
The boulder beetle is lightly wounded.
Your fulminant prism explodes!
Aiming: Paralyse
Press: ? - help, Shift-Dir - straight line The boulder beetle easily resists.
The boulder beetle bites you but does no damage.
Items here: )) ††.
Things that are here:
a +0 shortbow; 13 arrows; a centaur corpse You hit the boulder beetle.
The boulder beetle is moderately wounded.
You block the boulder beetle's attack. The boulder beetle bites you!!
* * * LOW HITPOINT WARNING * * *
There is a stone staircase leading up, spattered with blood here.
You see here a howler monkey corpse.
The boulder beetle bites you.
* * * LOW HITPOINT WARNING * * *
You climb upwards.
There is a stone staircase leading down here.
As you read the scroll of teleportation, it crumbles to dust.
You feel strangely unstable. The boulder beetle bites you!!
You die...

#.#............#.#
#.#............#.#
#####
#.###########'##.#
#.... #.# #..#.#
#.### ..# ##.#.#
#.# ..# #...# #.#
..# ##..# #.# #.#
#B.# #.# ..# ##@#
######.### .## ###
#.....<... .#
#.######## .# #.#
.# #.# .##### #.#
.'...# #.# .###.#
#.# .# #.# #.#


You could see a boulder beetle.

Vanquished Creatures
  Josephine (D:10)
  4 two-headed ogres
  An unseen horror (D:10)
  5 orc knights
  2 ugly things (D:9)
  A gargoyle (D:11)
  An efreet (D:9)
  A komodo dragon (D:11)
  A polar bear (D:9)
  A hornet (D:9)
  A troll (D:11)
  Prince Ribbit (D:5)
  Sigmund (D:3)
  6 wraiths
  8 yaks
  A wyvern (D:10)
  Eustachio (D:5)
  Menkaure (D:7)
  Edmund (D:4)
  A water moccasin (D:5)
  Duvessa (D:5)
  9 orc warriors
  A black bear (D:4)
  3 ice beasts
  3 sky beasts
  4 ogres
  4 centaurs
  2 wolves (D:9)
  3 phantoms
  10 bullfrogs
  2 kobold brigands
  A wyvern skeleton (D:7)
  Dowan (D:5)
  A wyvern zombie (D:10)
  2 scorpions
  9 killer bees
  11 wights (D:11)
  2 howler monkeys (D:11)
  6 orc priests
  6 hounds
  A jelly (D:9)
  Crazy Yiuf (D:3)
  2 centaur skeletons (D:10)
  2 iguanas
  A bullfrog skeleton (D:11)
  Ijyb (D:3)
  13 orc wizards
  8 worker ants
  A centaur simulacrum (D:9)
  3 worker ant zombies
  Robin (D:3)
  7 gnolls
  A howler monkey skeleton (D:6)
  8 adders
  A shadow imp (D:5)
  A white imp (D:9)
  A worker ant simulacrum (D:9)
  5 ufetubi
  6 worms
  2 dart slugs
  3 leopard geckos
  69 orcs
  2 giant cockroaches
  12 hobgoblins
  8 jackals
  16 kobolds
  4 quokkas
  A ball python (D:3)
  9 bats
  4 frilled lizards
  17 goblins
  A leopard gecko simulacrum (D:9)
  A leopard gecko zombie (D:7)
  5 rats
339 creatures vanquished.

Vanquished Creatures (others)
  44 fulminant prisms
  34 plants
78 creatures vanquished.

Grand Total: 417 creatures vanquished

Notes
Turn   | Place    | Note
-------+----------+-------------------------------------------
     0 | D:1      | jestyr24 the Draconian Conjurer began the quest for the
                  | Orb.
     0 | D:1      | Reached XP level 1. HP: 14/14 MP: 3/3
   235 | D:1      | Reached XP level 2. HP: 20/20 MP: 1/5
   755 | D:1      | Learned a level 2 spell: Searing Ray
   779 | D:2      | Reached skill level 1 in Fighting
  1032 | D:2      | Reached XP level 3. HP: 28/28 MP: 2/6
  1115 | D:2      | Found an ornate altar of the Wu Jian Council.
  2157 | D:2      | Reached XP level 4. HP: 33/35 MP: 7/7
  2579 | D:3      | Found a runed translucent door.
  2580 | D:3      | Noticed Crazy Yiuf
  2591 | D:3      | Killed Crazy Yiuf
  2968 | D:3      | Noticed Sigmund
  2990 | D:3      | Killed Sigmund
  2991 | D:3      | Reached skill level 1 in Short Blades
  2991 | D:3      | Reached skill level 3 in Spellcasting
  2991 | D:3      | Reached XP level 5. HP: 38/42 MP: 1/9
  2991 | D:3      | Reached XP level 6. HP: 45/49 MP: 1/10
  3175 | D:3      | Noticed Robin
  3188 | D:3      | Killed Robin
  3687 | D:3      | Noticed Ijyb
  3695 | D:3      | Killed Ijyb
  4258 | D:4      | Found a runed translucent gate.
  4258 | D:4      | Found a runed translucent gate.
  4258 | D:4      | Found a runed translucent gate.
  4258 | D:4      | Noticed gregwegmann's ghost (amateur TrBe)
  4259 | D:4      | Noticed Sertorius's ghost (novice GrEE)
  4296 | D:4      | Found Jezaim's Distillery.
  4322 | D:4      | Found Qakhluro's Magic Scroll Shoppe.
  4497 | D:4      | Reached skill level 5 in Conjurations
  4666 | D:4      | Noticed Edmund
  4691 | D:4      | Killed Edmund
  4692 | D:4      | Reached skill level 1 in Staves
  4692 | D:4      | Your scales start taking on a dull iron-grey colour.
  4692 | D:4      | Reached XP level 7. HP: 39/57 MP: 0/12
  4692 | D:4      | Gained mutation: You can survive without breathing. [Grey
                  | Draconian growth]
  4862 | D:4      | Reached skill level 4 in Spellcasting
  5073 | D:5      | Entered Level 5 of the Dungeon
  5110 | D:5      | Noticed Dowan
  5111 | D:5      | Noticed Duvessa
  5119 | D:5      | Killed Duvessa
  5120 | D:5      | Reached skill level 1 in Shields
  5122 | D:5      | Killed Dowan
  5523 | D:5      | Found a broken altar of Ashenzari.
  5609 | D:5      | Noticed Eustachio
  5624 | D:5      | Killed Eustachio
  5625 | D:5      | Reached XP level 8. HP: 54/66 MP: 4/15
  5743 | D:5      | Found Qakott's Magic Scroll Emporium.
  6080 | D:5      | Found a staircase to the Ecumenical Temple.
  6089 | Temple   | Entered the Ecumenical Temple
  6097 | Temple   | Became a worshipper of Vehumet
  6128 | D:5      | Reached skill level 5 in Spellcasting
  6199 | D:5      | Noticed Prince Ribbit
  6205 | D:5      | Killed Prince Ribbit
  6414 | D:5      | Reached skill level 5 in Fighting
  7062 | D:6      | Reached XP level 9. HP: 73/74 MP: 9/17
  7063 | D:6      | Reached skill level 6 in Spellcasting
  7065 | D:6      | Reached * piety under Vehumet
  7065 | D:6      | Offered knowledge of Freeze by Vehumet.
  7066 | D:6      | Reached skill level 5 in Dodging
  7274 | D:6      | Got a twisted long sword
  7275 | D:6      | Identified the +8 long sword "Jaipusoz" {venom, Str+4} (You
                  | found it on level 6 of the Dungeon)
  7676 | D:7      | Found a hide-covered altar of Uskayaw.
  7698 | D:7      | Noticed Harold
  7713 | D:7      | Noticed a +0 dagger
  7713 | D:7      | Noticed a +0 dagger
  7955 | D:7      | Noticed Menkaure
  7963 | D:7      | Killed Menkaure
  8139 | D:6      | Learned a level 4 spell: Fulminant Prism
  9014 | D:7      | Reached skill level 1 in Long Blades
  9014 | D:7      | Reached skill level 7 in Spellcasting
  9401 | D:8      | Found Ceot's Distillery.
  9447 | D:8      | Found a blossoming altar of Fedhas.
  9468 | D:8      | Identified Leacaff's Incunabulum of the Flying Rocks
  9474 | D:8      | Learned a level 3 spell: Stone Arrow
  9537 | D:8      | Noticed a two-headed ogre
  9547 | D:8      | Killed a two-headed ogre
  9548 | D:8      | Reached XP level 10. HP: 33/84 MP: 11/20
  9879 | D:8      | Found a shimmering altar of Xom.
 10464 | D:9      | Reached skill level 1 in Earth Magic
 10466 | D:9      | Offered knowledge of Foxfire by Vehumet.
 10568 | D:9      | Reached ** piety under Vehumet
 10667 | D:9      | Found a basalt altar of Yredelemnul.
 10684 | D:9      | Found a flagged portal.
 10722 | Bailey   | Entered a bailey
 10927 | Bailey   | Noticed an orc knight
 10958 | Bailey   | Offered knowledge of Static Discharge by Vehumet.
 11065 | Bailey   | Killed an orc knight
 11068 | Bailey   | Noticed an orc knight
 11103 | Bailey   | Killed an orc knight
 11166 | Bailey   | Noticed an orc knight
 11176 | Bailey   | Killed an orc knight
 11177 | Bailey   | Reached skill level 8 in Spellcasting
 11177 | Bailey   | Reached skill level 1 in Hexes
 11259 | Bailey   | Noticed an orc knight
 11269 | Bailey   | Killed an orc knight
 11270 | Bailey   | Reached skill level 5 in Stealth
 11642 | D:9      | Reached *** piety under Vehumet
 11713 | D:9      | Reached XP level 11. HP: 92/92 MP: 7/23
 11829 | D:9      | Noticed a brown ugly thing
 11835 | D:9      | Killed a brown ugly thing
 11863 | D:9      | Noticed a two-headed ogre
 11869 | D:9      | Killed a two-headed ogre
 12256 | D:9      | Reached skill level 9 in Spellcasting
 12385 | D:9      | Noticed an orc knight
 12398 | D:9      | Killed an orc knight
 12570 | D:9      | Got an iridescent long sword
 12571 | D:9      | Identified the +1 long sword of Siopsim {vorpal, Str+3
                  | Int+2 Stlth+} (You found it on level 9 of the Dungeon)
 12577 | D:9      | Learned a level 4 spell: Petrify
 12647 | D:9      | Found a shimmering altar of Xom.
 12698 | D:9      | Offered knowledge of Sticky Flame by Vehumet.
 12764 | D:9      | Noticed a brown ugly thing
 12770 | D:9      | Killed a brown ugly thing
 12819 | D:9      | Reached XP level 12. HP: 98/104 MP: 25/25
 13080 | D:9      | Found a shimmering blue altar of Sif Muna.
 13137 | D:10     | Entered Level 10 of the Dungeon
 13458 | D:10     | Reached **** piety under Vehumet
 13459 | D:10     | Reached skill level 10 in Spellcasting
 13462 | D:10     | Noticed Josephine
 13462 | D:10     | Offered knowledge of Yara's Violent Unravelling by Vehumet.
 13470 | D:10     | Killed Josephine
 14523 | D:11     | Noticed a two-headed ogre
 14523 | D:11     | Noticed a boulder beetle
 14737 | D:11     | Found a staircase to the Lair.
 14910 | D:11     | Reached ***** piety under Vehumet
 14922 | D:11     | Noticed a two-headed ogre
 14928 | D:11     | Killed a two-headed ogre
 15056 | D:11     | Offered knowledge of Eringya's Noxious Bog by Vehumet.
 15058 | D:11     | Killed a two-headed ogre
 15107 | D:10     | Slain by a boulder beetle

Illustrated notes

Levels and vault maps discovered:
D:1:      roderic_crop_circles_arrival_small, layout_rooms
D:2:      layout_basic, nzn_wu_jian_contemplation, lemuel_another_geyser
D:3:      layout_loops_cross, uniq_ijyb, uniq_robin, uniq_sigmund,
          uniq_crazy_yiuf_cottage
D:4:      black_bear_nest_1, layout_layer_cave, serial_glass, glass_columns_c,
          glass_columns_b, glass_columns_a, glass_columns_c, glass_columns_a,
          glass_columns_b, glass_columns_a, glass_columns_a, serial_shops,
          shop_fountains, nicolae_shop_stone, gammafunk_ghost_cemetery,
          uniq_edmund
D:5:      cheibrodos_quashed, layout_basic, minmay_temple_entry_arrows,
          serial_shops, shop, evilmike_ruin_ashenzari, uniq_duvessa,
          uniq_eustachio, uniq_prince_ribbit1
D:6:      layout_basic
D:7:      layout_gridville, dancing_weapons_uskayaw, uniq_harold, uniq_menkaure
D:8:      layout_basic, kennysheep_mini, serial_shops, shop, fedhas_altar_3
D:9:      layout_roguey, led_sif_pool, overflow_temple_1_default,
          enter_bailey_4, serial_ice, serial_ice_n, serial_ice_b, serial_ice_g,
          serial_ice_l, serial_ice_d, serial_ice_f, basic_altar,
          minmay_the_grid_2x2 [minmay_the_grid_armoury, minmay_the_grid_paths,
          minmay_the_grid_spikes, minmay_the_grid_prize_four_corners]
D:10:     layout_basic, uniq_josephine
D:11:     layout_loops_ring, david_lair_shrubbed, serial_shops, shop,
          small_chamber_with_monster, patterned_corridor
Temple:   nicolae_temple_x_marks_the_god

Skill      XL: |  1  2  3  4  5  6  7  8  9 10 11 12 |
---------------+-------------------------------------+-----
Fighting       | 1 2 3 4 5 6 7 9 |  9.8
Dodging        | 2 3 4 5 6 |  6.6
Stealth        | 2 3 4 5 |  5.7
Short Blades   | 1 |  1.5
Spellcasting   | 3 4 5 7 8 9 10 | 10.5
Conjurations   | 5 6 7 8 |  8.9
Staves         | 1 2 3 |  3.0
Shields        | 1 2 3 4 |  4.5
Long Blades    | 2 3 4 |  4.4
Earth Magic    | 3 6 7 |  7.8
Hexes          | 1 |  1.1
Invocations    | 2 |  2.8
Evocations     | 2 |  2.5

Action                   |  1- 3 |  4- 6 |  7- 9 | 10-12 || total
-------------------------+-------+-------+-------+-------++-------
Melee: Club              |     6 |       |       |       ||     6
       Dagger            |    62 |    10 |       |       ||    72
       Tailslap          |     3 |     1 |     4 |    16 ||    24
       Quarterstaff      |       |    41 |    58 |       ||    99
       Long sword        |       |       |    25 |    94 ||   119
 Cast: Magic Dart        |    39 |    14 |    32 |    45 ||   130
       Searing Ray       |     7 |    28 |    61 |    78 ||   174
       Fulminant Prism   |       |       |       |    44 ||    44
       Stone Arrow       |       |       |       |     6 ||     6
       Petrify           |       |       |       |     2 ||     2
Evoke: Wand              |       |       |     1 |     2 ||     3
  Use: Scroll            |       |     6 |     4 |     7 ||    17
       Potion            |       |       |       |     9 ||     9
 Stab: Sleeping          |       |       |     4 |     4 ||     8
       Paralysed         |       |       |       |     5 ||     5
Armor: Skin              |    30 |    28 |    74 |    67 ||   199
Dodge: Dodged            |    60 |    43 |   100 |    88 ||   291
Block: Other             |       |    17 |    34 |    38 ||    89
       Kite shield       |       |       |       |    29 ||    29
       Reflection        |       |       |       |     3 ||     3
       Rpst.: Long sword |       |       |     6 |    23 ||    29

Table legend: (Time is in decaauts)
 A = Elapsed time spent in this place.
 B = Non-inter-level travel time spent in this place.
 C = Inter-level travel time spent in this place.
 D = Time resting spent in this place.
 E = Time spent auto-exploring this place.
 F = Levels seen in this place.
 G = Mean time per level.
                   A        B        C        D        E       F      G
               +--------+--------+--------+--------+--------+-----+--------+
         Total |  15194 |  14779 |    415 |   4971 |   5815 |  13 | 1168.8 |
       Dungeon |  14501 |  14086 |    415 |   4573 |   5764 |  11 | 1318.3 |
        Temple |     14 |     14 |      0 |      0 |      0 |   1 |   14.0 |
        Bailey |    677 |    677 |      0 |    398 |     51 |   1 |  677.0 |
               +--------+--------+--------+--------+--------+-----+--------+

Top non-repeatable levels by time:
     D:9: 1931 daAuts
     D:3: 1730 daAuts
     D:6: 1562 daAuts
    D:10: 1470 daAuts
     D:2: 1465 daAuts
     D:5: 1398 daAuts
     D:7: 1370 daAuts
     D:8: 1149 daAuts
     D:4: 1124 daAuts
     D:1: 763 daAuts
  Bailey: 677 daAuts
    D:11: 536 daAuts
  Temple: 14 daAuts
